 Dungeon Crawl Stone Soup version 0.28.0-55-gcd9437bce4 (webtiles) character file.

Game seed: 16486311230341494412

4405 cbfl8 the Cleaver (level 10, -3/79 HPs)
             Began as a Demonspawn Berserker on Dec 9, 2022.
             Was a Priest of Trog.
             Slain by a death yak (14 damage)
             ... on level 8 of the Dungeon.
             The game lasted 00:12:48 (11512 turns).

cbfl8 the Cleaver (Demonspawn Berserker)           Turns: 11512, Time: 00:12:49

Health: -3/79      AC: 11    Str: 20    XL:     10   Next: 14%
Magic:  10/10      EV: 13    Int:  8    God:    Trog [***...]
Gold:   384        SH:  0    Dex: 15    Spells: 9/9 levels left

rFire   . . .      SeeInvis .   t - +0 war axe
rCold   . . .      Faith    .   (no shield)
rNeg    . . .      Spirit   .   r - +0 chain mail
rPois   .          Reflect  .   (helmet restricted)
rElec   .          Harm     .   (no cloak)
rCorr   .          Rampage  .   i - +0 pair of gloves
Will    .....                   (no boots)
Stlth   ..........              (no amulet)
HPRegen 0.23/turn               l - +4 ring of evasion
MPRegen 0.12/turn               y - ring of flight

@: on berserk cooldown, flying, slowed, very slow
A: antennae 1, powered by pain 2
a: Renounce Religion, Berserk, Trog's Hand


You were on level 8 of the Dungeon.
You worshipped Trog.
Trog was most pleased with you.
You visited 1 branch of the dungeon, and saw 8 of its levels.

You collected 384 gold pieces.

Inventory:

Hand Weapons
 t - a +0 war axe (weapon)
Missiles
 x - a throwing net (quivered)
Armour
 i - a +0 pair of gloves (worn)
 r - a +0 chain mail (worn)
Jewellery
 l - a +4 ring of evasion (left hand)
 y - a ring of flight (right hand)
Wands
 z - a wand of charming (8)
 D - a wand of iceblast (13)
 E - a wand of polymorph (6)
Scrolls
 a - a scroll of brand weapon {unknown}
 e - a scroll of amnesia
 m - a scroll of enchant armour {unknown}
 o - a scroll of fear
 p - a scroll of noise {unknown}
 s - a scroll of fog {unknown}
 u - a scroll of silence {unknown}
 w - a scroll of magic mapping {unknown}
 B - a scroll of blinking {unknown}
 G - 2 scrolls of enchant weapon {unknown}
Potions
 b - 2 potions of berserk rage {unknown}
 c - 2 potions of haste {unknown}
 d - a potion of cancellation {unknown}
 f - a potion of might {unknown}
 g - 2 potions of ambrosia
 h - a potion of mutation {unknown}
 k - a potion of heal wounds {unknown}
 n - a potion of brilliance {unknown}
 q - a potion of attraction {unknown}
 v - a potion of flight {unknown}
 A - a potion of lignification {unknown}
 C - 2 potions of curing
 F - a potion of invisibility
 H - a potion of magic {unknown}


   Skills:
 * Level 7.4 Fighting
 * Level 10.1 Axes
 + Level 5.1 Armour
 * Level 4.0 Dodging
 + Level 0.9 Stealth
 * Level 3.6 Evocations


You had 9 spell levels left.
You didn't know any spells.
Your spell library was empty.

Dungeon Overview and Level Annotations

Branches:
Dungeon (8/15)             Temple (0/1) D:6            Lair (0/6) D:8

Altars:
Cheibriados
Kikubaaqudgha
Makhleb
Nemelex Xobeh
Sif Muna
Zin


Innate Abilities, Weirdness & Mutations

You have a pair of small antennae on your head.
You sometimes gain power by taking damage.


Message History

Trog accepts your kill.
You hit the death yak.
Your Axes skill increases to level 10!
Your Dodging skill increases to level 4!
You have reached level 10!
Your demonic ancestry asserts itself...
You feel even more energised by your suffering.
You hit the death yak.
The death yak is moderately wounded.
The death yak gores you but does no damage.
You slash the death yak!
The death yak is heavily wounded.
You slash the death yak!
The death yak gores you but does no damage.
You slash the death yak!
The death yak is heavily wounded.
You slash the death yak! The death yak gores you!
You hit the death yak.
The death yak is heavily wounded.
You barely miss the death yak. The death yak barely misses you.
The death yak closely misses you.
You barely miss the death yak.
The death yak is heavily wounded.
You hit the death yak.
The death yak snorts and paws the ground.
The death yak closely misses you.
The death yak gores you but does no damage.
You barely miss the death yak.
The death yak is heavily wounded.
You hit the death yak. x2
You are no longer berserk.
You are exhausted.
You feel yourself slow down. The death yak gores you!! x2
* * * LOW HITPOINT WARNING * * *
The death yak completely misses you.
As you read the scroll labelled DEOD VALUAT, it crumbles to dust.
It is a scroll of amnesia.
You feel forgetful for a moment. The death yak closely misses you.
The death yak misses you. The death yak gores you!
You die...

#YY###...###................
#..# ##### ##...............
#....## ##..............
##.....#########.............
............###.............
...............###+++###.....
...#Y..........# #.....
###......Y...# #.....
........Y.@Y.# #.....
.>........Y..# #.....
...#.........# #.....
.............# #####.....
.#......#..................
.......##..................
......$ ...................
...............#...........
.#####.........#...........


You could see 4 death yaks.

Vanquished Creatures
  A death yak (D:8)
  Pikel (D:5)
  Grinder (D:6)
  Eustachio (D:6)
  Menkaure (D:4)
  Edmund (D:6)
  A water moccasin (D:6)
  An orc warrior (D:8)
  A black bear (D:4)
  2 hornet zombies (D:7)
  4 necrophages (D:7)
  2 centaurs (D:7)
  2 lemures (D:5)
  A phantom (D:7)
  2 kobold brigands
  Blork the orc (D:4)
  2 bullfrogs
  3 scorpions (D:5)
  5 killer bees (D:7)
  A wyvern skeleton (D:7)
  A howler monkey (D:5)
  2 centaur zombies
  A human zombie (D:7)
  2 hounds (D:5)
  2 jellies
  A bullfrog skeleton (D:6)
  A centaur skeleton (D:4)
  3 iron imps (D:5)
  Jessica (D:3)
  2 iguanas (D:7)
  5 orc wizards
  4 killer bee zombies (D:7)
  A hound zombie (D:5)
  A hound skeleton (D:4)
  Robin (D:3)
  4 gnolls (D:7)
  A howler monkey zombie (D:6)
  4 adders
  A shadow imp (D:6)
  A white imp (D:7)
  2 adder skeletons (D:4)
  A worm (D:5)
  2 dart slugs
  27 orcs
  5 ball pythons
  5 bats
  9 endoplasms
  A giant cockroach (D:3)
  10 goblins
  11 hobgoblins
  3 jackals (D:1)
  6 quokkas
  3 frilled lizards
  20 kobolds
  2 rats
180 creatures vanquished.

Vanquished Creatures (others)
  7 plants
7 creatures vanquished.

Grand Total: 187 creatures vanquished

Notes
Turn   | Place    | Note
-------+----------+-------------------------------------------
     0 | D:1      | cbfl8 the Demonspawn Berserker began the quest for the Orb.
     0 | D:1      | Reached XP level 1. HP: 18/18 MP: 1/1
    95 | D:1      | Gained mutation: You sometimes gain a little power by
                  | taking damage. [demonic ancestry]
    95 | D:1      | Reached XP level 2. HP: 14/24 MP: 2/2
   585 | D:1      | Reached skill level 3 in Axes
  1215 | D:1      | Found a faded altar of an unknown god.
  1274 | D:1      | Reached XP level 3. HP: 24/29 MP: 3/3
  1864 | D:2      | Reached ** piety under Trog
  2549 | D:3      | Gained mutation: You have a pair of small antennae on your
                  | head. [demonic ancestry]
  2549 | D:3      | Reached XP level 4. HP: 37/37 MP: 4/4
  2734 | D:3      | Found a sparkling altar of Nemelex Xobeh.
  2751 | D:3      | Noticed Jessica
  2762 | D:3      | Killed Jessica
  3325 | D:3      | Noticed Robin
  3328 | D:3      | Reached XP level 5. HP: 37/42 MP: 5/5
  3352 | D:3      | Killed Robin
  3353 | D:3      | Reached skill level 4 in Axes
  3845 | D:4      | Noticed Blork the orc
  3845 | D:4      | Noticed a black bear
  3858 | D:4      | Killed a black bear
  3859 | D:4      | Reached XP level 6. HP: 49/49 MP: 6/6
  3871 | D:4      | HP: 2/49 [Blork the orc/+0 battleaxe (16)]
  4321 | D:4      | Reached skill level 5 in Axes
  4639 | D:4      | Killed Blork the orc
  4868 | D:4      | Noticed Menkaure
  4875 | D:4      | Killed Menkaure
  4876 | D:4      | Reached XP level 7. HP: 55/55 MP: 7/7
  5180 | D:5      | Entered Level 5 of the Dungeon
  5374 | D:5      | Noticed Pikel
  5390 | D:5      | Killed Pikel
  5391 | D:5      | Reached skill level 5 in Fighting
  5391 | D:5      | Reached skill level 6 in Axes
  5391 | D:5      | Reached XP level 8. HP: 28/62 MP: 8/8
  5616 | D:5      | Reached skill level 7 in Axes
  5718 | D:5      | Found a burning altar of Makhleb.
  6258 | D:5      | Found a snail-covered altar of Cheibriados.
  6415 | D:6      | Noticed Edmund
  6451 | D:6      | Killed Edmund
  6452 | D:6      | Reached skill level 1 in Evocations
  6761 | D:6      | Noticed Grinder
  6775 | D:6      | Paralysed by Grinder for 2 turns
  6785 | D:6      | Killed Grinder
  6786 | D:6      | Reached skill level 8 in Axes
  7641 | D:5      | Reached XP level 9. HP: 62/69 MP: 9/9
  7686 | D:6      | Reached *** piety under Trog
  7903 | D:6      | Noticed Eustachio
  7923 | D:6      | Killed Eustachio
  8091 | D:6      | Found a staircase to the Ecumenical Temple.
  9022 | D:7      | Found a shimmering blue altar of Sif Muna.
  9038 | D:7      | Identified the +0 ring mail "Nami" {Dex+5 Stlth-}
  9315 | D:7      | Reached skill level 9 in Axes
 10421 | D:7      | HP: 3/72 [hornet zombie (10)]
 10797 | D:7      | Found an ancient bone altar of Kikubaaqudgha.
 11077 | D:7      | Reached skill level 5 in Armour
 11374 | D:8      | Reached **** piety under Trog
 11478 | D:8      | Noticed a death yak
 11478 | D:8      | Noticed a death yak
 11479 | D:8      | Noticed a death yak
 11484 | D:8      | Noticed a death yak
 11485 | D:8      | Noticed a death yak
 11486 | D:8      | Found a staircase to the Lair.
 11504 | D:8      | Killed a death yak
 11505 | D:8      | Reached skill level 10 in Axes
 11505 | D:8      | Gained mutation: You sometimes gain power by taking damage.
                  | [demonic ancestry]
 11505 | D:8      | Reached XP level 10. HP: 79/79 MP: 10/10
 11512 | D:8      | Slain by a death yak

Illustrated notes

Levels and vault maps discovered:
D:1:      roderic_octagonal_star, layout_rooms,
          hellmonk_ecumenical_altar_crossroads, serial_forest,
          infiniplex_forest_straight_1, infiniplex_forest_straight_3,
          infiniplex_forest_clump_small, infiniplex_forest_end_3,
          infiniplex_forest_straight_2, infiniplex_forest_clump_medium
D:2:      layout_loops_ring, chequers_serial_rivers_small_3
D:3:      layout_basic, nemelex_diamond_rough_becter,
          nicolae_overflow_hidden_temple, uniq_jessica, uniq_robin
D:4:      layout_loops_cross, uniq_blork_the_orc, uniq_menkaure
D:5:      layout_basic, demons_altar, slow_altar_1, uniq_pikel
D:6:      layout_layer_cave, minmay_temple_entry_large_hall, uniq_eustachio,
          uniq_edmund, uniq_grinder
D:7:      layout_loops_corners, mainiacjoe_overflow_boulevard,
          lemuel_mausoleum_altar_kikubaaqudgha, st_stairs_4,
          ebering_dispersal_statue_hall, hangedman_abyss_or_decor_stagger
D:8:      layout_layer_cave, mainiacjoe_overflow_alcove_4, dpeg_lair_monsters,
          serial_shops, nicolae_shop_waterfront, hex_tiny

Skill      XL: |  1  2  3  4  5  6  7  8  9 |
---------------+----------------------------+-----
Axes           | 3 4 5 6 8 10 | 10.1
Dodging        | 2 3 4 |  4.0
Armour         | 2 3 4 5 |  5.1
Fighting       | 4 5 6 7 |  7.4
Evocations     | 2 3 |  3.6
Stealth        | |  0.9

Action                   |  1- 3 |  4- 6 |  7- 9 | 10-12 || total
-------------------------+-------+-------+-------+-------++-------
Melee: Hand axe          |   152 |   187 |    40 |       ||   379
       Punch             |     2 |     1 |     8 |       ||    11
       War axe           |       |       |   423 |     6 ||   429
Invok: Berserk           |     1 |     4 |     6 |       ||    11
  Use: Potion            |       |     4 |     1 |       ||     5
       Scroll            |       |     2 |     4 |     1 ||     7
Armor: Animal skin       |     7 |       |       |       ||     7
       Scale mail        |    33 |    25 |       |       ||    58
       Chain mail        |       |    39 |   212 |     3 ||   254
Dodge: Dodged            |    76 |   115 |   406 |     6 ||   603
